 Dungeon Crawl Stone Soup version 0.25-a0-523-g9afb2ee040 (webtiles) character file.

Game seed: 11308566994835917808, levelgen mode: deterministic

32 Flugslaktarn the Covered (level 3, -1/33 HPs)
             Began as a Deep Dwarf Fighter on Feb 18, 2020.
             Slain by an ogre
             ... wielding a cursed +0 giant club
              (17 damage)
             ... on level 4 of the Dungeon.
             The game lasted 00:00:24 (469 turns).

Flugslaktarn the Covered (Deep Dwarf Fighter)        Turns: 469, Time: 00:00:25

Health: -1/33      AC:  9    Str: 20    XL:     3   Next: 8%
Magic:  3/3        EV:  5    Int:  8    God:
Gold:   30         SH:  9    Dex: 12    Spells: 2/2 levels left

rFire    . . .     SeeInvis .   a - +0 war axe
rCold    . . .     Gourm    .   c - +0 kite shield
rNeg     . . .     Faith    .   k - +0 chain mail
rPois    .         Spirit   .   (no helmet)
rElec    .         Reflect  .   (no cloak)
rCorr    .         Harm     .   (no gloves)
MR       .....                  (no boots)
Stlth    ..........             (no amulet)
HPRegen  0.00/turn              (no ring)
MPRegen  0.08/turn              (no ring)

@: non-regenerating
A: damage resistance, heal wounds, sense surroundings 1, no regeneration
a: Heal Wounds


You were on level 4 of the Dungeon.
You were not hungry.

You visited 1 branch of the dungeon, and saw 4 of its levels.

You collected 30 gold pieces.

Inventory:

Hand Weapons
 a - a +0 war axe (weapon)
Armour
 b - a +0 scale mail
 c - a +0 kite shield (worn)
 k - a +0 chain mail (worn)
   (You found it on level 3 of the Dungeon)
Jewellery
 l - an uncursed ring of ice {unknown}
   (You found it on level 3 of the Dungeon)
Scrolls
 f - a scroll of magic mapping {unknown}
 h - a scroll of identify {unknown}
 i - a scroll of remove curse {unknown}
 j - a scroll of blinking {unknown}
Potions
 d - a potion of might
 m - 2 potions of curing {unknown}
Comestibles
 e - 4 rations
 g - 6 chunks of flesh


   Skills:
 + Level 2.9 Fighting
 * Level 3.0 Axes
 + Level 3.6 Armour
 + Level 3.6 Shields


You had 2 spell levels left.
You didn't know any spells.
Your spell library was empty.

Dungeon Overview and Level Annotations

Branches:
Dungeon (4/15)             Temple (0/1) D:4

Altars:
Elyvilon

Annotations:
D:4 Pikel


Innate Abilities, Weirdness & Mutations

You are resistant to damage.
You can heal yourself by infusing magical energy.
You passively map a small area around you.
You do not regenerate.


Message History

You kill the slave!
That felt strangely unrewarding.
You closely miss the slave. x2
You closely miss Pikel. You block the slave's attack.
The slave barely misses you. Pikel completely misses you.
The ogre hits you with a cursed +0 giant club.
The slave hits you.
You closely miss the slave.
The slave is moderately wounded.
You hit the ogre. You hit Pikel. You closely miss the slave.
The slave hits you but does no damage. Pikel hits you but does no damage.
The slave barely misses you.
The ogre hits you with a cursed +0 giant club.
The slave barely misses you.
You closely miss the slave.
The slave is moderately wounded.
You hit the slave but do no damage. You miss Pikel. You hit the ogre.
You block Pikel's attack. The slave hits you. x2
The ogre hits you with a cursed +0 giant club!!
Ouch! That really hurt!
You die...

* ...$....# ........# *
........# ........# .#
........# . , .......p#
# ,.....wOK## ,
.....ap@p#
########.#### , ,
#.........## , , ,
#..#..⌠..#..## ##### *
, *
#...!.##..######.... ,*
, #..#.#..##.......÷...
*#..##.##..##..........
...# ...##.............
.⌠.,..>....⌠...........


You could see Pikel, an ogre, 3 slaves, a worm and a worker ant.

Vanquished Creatures
  A slave (D:4)
  An adder (D:4)
  An ooze (D:3)
  A ball python (D:4)
  2 bats
  4 giant cockroaches (D:1)
  A goblin (D:1)
  3 hobgoblins
  A frilled lizard (D:1)
  2 kobolds
  2 rats
19 creatures vanquished.

Notes
Turn   | Place    | Note
-------+----------+-------------------------------------------
     0 | D:1      | Flugslaktarn the Deep Dwarf Fighter began the quest for the
                  | Orb.
     0 | D:1      | Reached XP level 1. HP: 20/20 MP: 1/1
    74 | D:1      | Reached XP level 2. HP: 25/27 MP: 2/2
   380 | D:4      | Found a white marble altar of Elyvilon.
   402 | D:4      | Reached XP level 3. HP: 30/33 MP: 3/3
   446 | D:4      | Found a staircase to the Ecumenical Temple.
   454 | D:4      | Noticed a slave
   454 | D:4      | Noticed a slave
   455 | D:4      | Noticed Pikel
   455 | D:4      | Noticed a slave
   455 | D:4      | Noticed a slave
   456 | D:4      | Noticed an ogre
   467 | D:4      | Killed a slave
   469 | D:4      | Slain by an ogre

Levels and vault maps discovered:
D:1:      tarquinn_simple_flora_water_f, layout_loops_ring
D:2:      layout_basic
D:3:      layout_rooms, nicolae_overflow_hidden_temple, first_ration,
          minmay_misc_feat_encased, ebering_dispersal_statue_hall, uniq_terence,
          uniq_natasha
D:4:      layout_basic, kennysheep_little_box, elyvilon_altar_4,
          minmay_temple_entry_waves, uniq_pikel, uniq_robin

Skill      XL: |  1  2 |
---------------+-------+-----
Axes           | 3 |  3.0
Fighting       | |  2.9
Armour         | |  3.6
Shields        | |  3.6

Action                   || total
-------------------------++-------
Melee: War axe           ||    56
 Abil: Heal Wounds       ||     1
Armor: Scale mail        ||    13
       Chain mail        ||    23
Dodge: Dodged            ||    26
Block: Kite shield       ||    30

Table legend:
 A = Non-vault XP
 B = Vault XP
 C = Vault XP percentage of total XP
 D = Non-vault monster count
 E = Vault monster count
 F = Vault count percentage of total count
                 A         B        C        D         E       F
            +---------+---------+-------+---------+---------+-------
      Total |      46 |       0 |   0.0 |      18 |       0 |   0.0
            +---------+---------+-------+---------+---------+-------
        D:1 |      17 |       0 |   0.0 |      10 |       0 |   0.0
        D:2 |       6 |       0 |   0.0 |       4 |       0 |   0.0
        D:3 |       8 |       0 |   0.0 |       2 |       0 |   0.0
        D:4 |      15 |       0 |   0.0 |       2 |       0 |   0.0
            +---------+---------+-------+---------+---------+-------
